 Dungeon Crawl Stone Soup version 0.24.1-8-ga250c9d538 (webtiles) character file.

Game seed: 2563121284599209700, levelgen mode: deterministic

18 Otrantor the Ducker (level 2, 18/23 HPs)
             Began as a Gnoll Wanderer on Apr 28, 2020.
             Quit the game on level 1 of the Dungeon.
             The game lasted 00:05:33 (524 turns).

Otrantor the Ducker (Gnoll Wanderer)                 Turns: 524, Time: 00:05:34

Health: 18/23      AC:  5    Str: 14    XL:     2   Next: 70%
Magic:  5/5        EV: 14    Int: 15    God:
Gold:   26         SH:  0    Dex: 13    Spells: 2/6 levels left

rFire    . . .     SeeInvis .   a - +0 club
rCold    . . .     Gourm    .   (no shield)
rNeg     . . .     Faith    .   d - +2 leather armour
rPois    .         Spirit   .   (no helmet)
rElec    .         Reflect  .   (no cloak)
rCorr    .         Harm     .   (no gloves)
MR       .....                  (no boots)
Stlth    ++........             (no amulet)
HPRegen  0.07/turn              (no ring)
MPRegen  0.09/turn              (no ring)

@: no status effects
A: distributed training, fangs 1, strong nose
a: no special abilities


You were on level 1 of the Dungeon.
You were not hungry.

You visited 1 branch of the dungeon, and saw 1 of its levels.

You collected 26 gold pieces.

Inventory:

Hand Weapons
 a - a +0 club (weapon)
Armour
 d - a +2 leather armour (worn)
Scrolls
 c - 7 scrolls of identify {unknown}
 e - a scroll of remove curse {unknown}
 i - a scroll of immolation {unknown}
Potions
 b - 2 potions of curing
 g - a potion of haste {unknown}
 h - a potion of magic {unknown}
Comestibles
 f - a ration
 j - a chunk of flesh


   Skills:
 + Level 2.5 Fighting
 + Level 0.5 Short Blades
 + Level 0.5 Long Blades
 + Level 0.5 Axes
 + Level 0.5 Maces & Flails
 + Level 4.5 Polearms
 + Level 0.5 Staves
 + Level 0.5 Slings
 + Level 0.5 Bows
 + Level 0.5 Crossbows
 + Level 0.5 Throwing
 + Level 0.5 Armour
 + Level 4.5 Dodging
 + Level 2.3 Stealth
 + Level 0.5 Shields
 + Level 0.5 Unarmed Combat
 + Level 2.7 Spellcasting
 + Level 0.3 Conjurations
 + Level 0.3 Hexes
 + Level 0.3 Charms
 + Level 0.3 Summonings
 + Level 0.3 Necromancy
 + Level 0.3 Translocations
 + Level 0.3 Transmutations
 + Level 0.3 Fire Magic
 + Level 2.0 Ice Magic
 + Level 2.0 Air Magic
 + Level 0.3 Earth Magic
 + Level 0.3 Poison Magic
 + Level 0.6 Invocations
 + Level 2.5 Evocations


You had 2 spell levels left.
You knew the following spells:

 Your Spells              Type           Power        Failure   Level  Hunger
a - Sticks to Snakes      Tmut           #.......     34%         2    ##.....
b - Passwall              Tmut/Erth      #.......     34%         2    ##.....

Your spell library contained the following spells:

 Spells                   Type           Power        Failure   Level  Hunger


Dungeon Overview and Level Annotations

Branches:
Dungeon (1/15)

Altars:

Annotations:
D:1 1 exclusion


Innate Abilities, Weirdness & Mutations

Your experience applies equally to all skills.
You have very sharp teeth.
Your uncanny sense of smell can sniff out nearby items.


Message History

Really walk into a travel-excluded area? [Y]es or [N]o only, please.
Really walk into a travel-excluded area? [Y]es or [N]o only, please.
Really walk into a travel-excluded area? [Y]es or [N]o only, please.
Really walk into a travel-excluded area?
Sorry, you're not good enough to have a special ability.
There isn't anything here!
That item cannot be evoked!
Drop what? 10/52 slots (_ for help) (? for menu, Esc to quit)
Okay, then.
Okay, then.
Sorry, you're not good enough to have a special ability.
Casting: Sticks to Snakes (safe; 34% risk of failure)
Confirm with . or Enter, or press ? or * to list all spells.
Okay, then.
Are you sure you want to abandon this character and quit the game? (Confirm with "yes".)
Okay, then.
Are you sure you want to abandon this character and quit the game? (Confirm with "yes".)

#.#### #.######
........s #########
############
###.##.......##
##..)##.......(#
######@.####..#.#.#.#
##......####.........#
##..########....#.#.#.#
#..## #...........#
#########.##
#....†#.#.#.#
..........#
#...........#
....#######
##.....###### #.#.#
##.....## ....#
#.......#


There were no monsters in sight!

Vanquished Creatures
  2 dart slugs (D:1)
  A giant cockroach (D:1)
  2 goblins (D:1)
  5 hobgoblins (D:1)
  2 bats (D:1)
  A frilled lizard (D:1)
  A rat (D:1)
14 creatures vanquished.

Notes
Turn   | Place    | Note
-------+----------+-------------------------------------------
     0 | D:1      | Otrantor the Gnoll Wanderer began the quest for the Orb.
     0 | D:1      | Otrantor set off with the following items: a +0 club, a
                  | potion of curing, a +2 leather armour, a ration; and the
                  | following spells available to memorise: Passwall, Sticks to
                  | Snakes
     0 | D:1      | Reached XP level 1. HP: 17/17 MP: 4/4
    78 | D:1      | Reached XP level 2. HP: 15/23 MP: 5/5
    82 | D:1      | Learned a level 2 spell: Sticks to Snakes
    85 | D:1      | Learned a level 2 spell: Passwall
   524 | D:1      | Quit the game

Levels and vault maps discovered:
D:1:      kennysheep_arrival_forest, layout_rooms, serial_glass,
          glass_columns_a, glass_columns_b, minmay_liquid_box

Skill      XL: |  1 |
---------------+----+-----
Ice Magic      | 2 |  2.0
Air Magic      | 2 |  2.0
Fighting       | |  2.5
Short Blades   | |  0.5
Long Blades    | |  0.5
Axes           | |  0.5
Maces & Flails | |  0.5
Polearms       | |  4.5
Staves         | |  0.5
Slings         | |  0.5
Bows           | |  0.5
Crossbows      | |  0.5
Throwing       | |  0.5
Armour         | |  0.5
Dodging        | |  4.5
Stealth        | |  2.3
Shields        | |  0.5
Unarmed Combat | |  0.5
Spellcasting   | |  2.7
Conjurations   | |  0.3
Hexes          | |  0.3
Charms         | |  0.3
Summonings     | |  0.3
Necromancy     | |  0.3
Translocations | |  0.3
Transmutations | |  0.3
Fire Magic     | |  0.3
Earth Magic    | |  0.3
Poison Magic   | |  0.3
Invocations    | |  0.6
Evocations     | |  2.5

Action                   || total
-------------------------++-------
Melee: Club              ||    68
       Bite              ||     6
 Stab: Sleeping          ||     2
Armor: Leather armour    ||    37
Dodge: Dodged            ||    82
